 Dungeon Crawl Stone Soup version 0.25-a0-632-g7713895373 (webtiles) character file.

Game seed: 14749719607706525692, levelgen mode: deterministic

80 Mgcat the Skirmisher (level 4, 0/35 HPs)
             Began as a Demonspawn Fighter on Mar 19, 2020.
             Succumbed to an orc wizard's poison
             ... on level 3 of the Dungeon.
             The game lasted 00:03:12 (1512 turns).

Mgcat the Skirmisher (Demonspawn Fighter)           Turns: 1512, Time: 00:03:12

Health: 0/35       AC: 12    Str: 17    XL:     4   Next: 18%
Magic:  4/4        EV:  4    Int:  9    God:
Gold:   81         SH:  9    Dex: 13    Spells: 3/3 levels left

rFire    . . .     SeeInvis .   a - +0 war axe
rCold    . . .     Gourm    .   c - +0 kite shield
rNeg     . . .     Faith    .   q - +0 chain mail
rPois    .         Spirit   +   (no helmet)
rElec    .         Reflect  .   m - +0 cloak
rCorr    .         Harm     .   (no gloves)
MR       .....                  (no boots)
Stlth    ..........             e - amulet of guardian spirit {Spirit}
HPRegen  0.11/turn              (no ring)
MPRegen  0.09/turn              (no ring)

@: lethally poisoned (0 -> -57)
A: thin metallic scales 1, powered by death 2
a: no special abilities


You were on level 3 of the Dungeon.
You were not hungry.

You visited 1 branch of the dungeon, and saw 3 of its levels.

You collected 81 gold pieces.

Inventory:

Hand Weapons
 a - a +0 war axe (weapon)
Armour
 c - a +0 kite shield (worn)
 m - a +0 cloak (worn)
   (You found it on level 2 of the Dungeon)
 q - a +0 chain mail (worn)
   (You found it on level 2 of the Dungeon)
Jewellery
 e - an amulet of guardian spirit (around neck) {Spirit}
   (You found it on level 1 of the Dungeon)
Wands
 l - a wand of flame (13)
   (You found it on level 2 of the Dungeon)
 n - a wand of disintegration (17)
   (You found it on level 2 of the Dungeon)
Scrolls
 b - a scroll of enchant weapon {unknown}
 g - a scroll of immolation {unknown}
 h - a scroll of remove curse {unknown}
 j - a scroll of identify {unknown}
 k - a scroll of noise {unknown}
 o - a scroll of fog {unknown}
Potions
 d - a potion of might
Comestibles
 f - 3 rations
 i - 9 chunks of flesh {@w0}


   Skills:
 + Level 3.5 Fighting
 * Level 2.8 Axes
 + Level 3.1 Armour
 + Level 3.1 Shields
 + Level 0.3 Evocations


You had 3 spell levels left.
You didn't know any spells.
Your spell library was empty.

Dungeon Overview and Level Annotations

Branches:
Dungeon (3/15)

Altars:


Innate Abilities, Weirdness & Mutations

You are partially covered in thin metallic scales. (AC +2)
You regenerate health from kills.


Message History

You kill the jackal!
You slash the jackal!
You kill the jackal!
The orc wizard hits you but does no damage.
You are poisoned.
Health restored: 35 Spoiler Alert: The orc wizard might cast Slow, Confuse, Throw Flame, Throw Frost, or go Invisible!
Your shield and chain mail prevent you from hitting the orc wizard.
You feel sick.
The orc wizard hits you with a +1 dagger of venom.
You take 3 damage, and have 32/35 hp.
Spoiler Alert: The orc wizard might cast Slow, Confuse, Throw Flame, Throw Frost, or go Invisible!
You hit the orc wizard.
The orc wizard is moderately wounded.
You feel sick.
The orc wizard hits you but does no damage.
You are more poisoned.
The orc wizard hits you but does no damage.
Spoiler Alert: The orc wizard might cast Slow, Confuse, Throw Flame, Throw Frost, or go Invisible!
You closely miss the orc wizard.
The orc wizard is moderately wounded.
You feel sick. You block the orc wizard's attack.
Spoiler Alert: The orc wizard might cast Slow, Confuse, Throw Flame, Throw Frost, or go Invisible!
You hit the orc wizard.
The orc wizard is moderately wounded.
You feel sick. The orc wizard casts a spell at you.
You resist with some effort.
Spoiler Alert: The orc wizard might cast Slow, Confuse, Throw Flame, Throw Frost, or go Invisible!
You slash the orc wizard!
The orc wizard is almost dead.
You feel sick. The orc wizard barely misses you.
The orc wizard hits you with a +1 dagger of venom.
You are more poisoned.
You take 2 damage, and have 32/35 hp.
Spoiler Alert: The orc wizard might cast Slow, Confuse, Throw Flame, Throw Frost, or go Invisible!
You hit the orc wizard but do no damage.
The orc wizard is almost dead.
You feel sick. You block the orc wizard's attack.
You take 1 damage, and have 31/35 hp.
Spoiler Alert: The orc wizard might cast Slow, Confuse, Throw Flame, Throw Frost, or go Invisible!
You barely miss the orc wizard.
The orc wizard is almost dead.
You feel sick.
The orc wizard hits you but does no damage.
You are more poisoned.
The orc wizard mumbles some strange words.
The orc wizard flickers and vanishes!
Deactivating autopickup; reactivate with Ctrl-A.
You take 1 damage, and have 30/35 hp.
No target in view!
Your shield and chain mail prevent you from hitting something.
You feel very sick. You block something's attack.
You take 3 damage, and have 27/35 hp.
Your chain mail prevents you from hitting something.
You feel very sick. Something hits you but does no damage.
You are lethally poisoned!
Something hits you but does no damage.
You are more poisoned.
You take 3 damage, and have 24/35 hp.
You miss something.
You feel very sick. Something hits you but does no damage.
You are more poisoned.
You take 3 damage, and have 21/35 hp.
You miss something.
You feel very sick. Something hits you but does no damage.
You are more poisoned.
You take 5 damage, and have 16/35 hp.
You closely miss something.
You feel very sick. Something hits you but does no damage.
You are more poisoned.
Something hits you but does no damage.
You are more poisoned.
You take 5 damage, and have 11/35 hp.
It was a potion of magic.
Magic courses through your body.
* * * LOW HITPOINT WARNING * * *
You feel very sick.
You hear some strange, mumbled words.
A puff of flame appears from out of thin air!
The puff of flame hits you but does no damage.
You take 3 damage, and have 8/35 hp.
Evoke which item? (* to show all) (? for menu, Esc to quit)
Aiming: Disintegrate
Press: ? - help, Shift-Dir - straight line Nothing appears to happen.
* * * LOW HITPOINT WARNING * * *
You feel very sick. Something hits you but does no damage.
You are more poisoned.
You take 4 damage, and have 4/35 hp.
Evoke which item? (* to show all) (? for menu, Esc to quit)
Aiming: Disintegrate
Press: ? - help, Shift-Dir - straight line Nothing appears to happen.
You die...

# ########### ..
#......!..# ...
##.>.......# ....
........)..#
##..... #
#......(..##.......
#. #.........†@{#
#.. #.....)#..###
#.##......<÷##
#.........###
#......)..###
#.#...÷.....#
#.........#...#
#<...#†###.......#
....... .........


There were no monsters in sight!

Vanquished Creatures
  2 adders
  An ooze (D:2)
  A worm (D:2)
  3 dart slugs
  2 leopard geckos
  3 orcs (D:3)
  2 bats
  6 hobgoblins
  3 jackals (D:3)
  3 kobolds (D:2)
  A quokka (D:2)
  A frilled lizard (D:2)
  8 goblins
  5 rats
41 creatures vanquished.

Notes
Turn   | Place    | Note
-------+----------+-------------------------------------------
     0 | D:1      | Mgcat the Demonspawn Fighter began the quest for the Orb.
     0 | D:1      | Reached XP level 1. HP: 18/18 MP: 1/1
   141 | D:1      | Reached skill level 2 in Axes
   158 | D:1      | Gained mutation: You regenerate a little health from kills.
                  | [demonic ancestry]
   158 | D:1      | Reached XP level 2. HP: 17/24 MP: 0/2
   823 | D:2      | Gained mutation: You are partially covered in thin metallic
                  | scales. (AC +2) [demonic ancestry]
   823 | D:2      | Reached XP level 3. HP: 29/29 MP: 3/3
   860 | D:2      | Reached skill level 3 in Armour
   898 | D:2      | Reached skill level 3 in Shields
  1476 | D:3      | Gained mutation: You regenerate health from kills. [demonic
                  | ancestry]
  1476 | D:3      | Reached XP level 4. HP: 35/35 MP: 4/4
  1510 | D:3      | HP: 8/35 [poisoned by an orc wizard]
  1512 | D:3      | Succumbed to an orc wizard's poison

Levels and vault maps discovered:
D:1:      minmay_arrival_split_and_join, layout_basic
D:2:      layout_loops_ring
D:3:      layout_rooms, lemuel_crystal_altar, marbit_many_paths,
          overflow_temple_1_default, first_ration

Skill      XL: |  1  2  3 |
---------------+----------+-----
Axes           | 2 |  2.8
Armour         | 3 |  3.1
Shields        | 3 |  3.1
Fighting       | |  3.5
Evocations     | |  0.3

Action                   |  1- 3 |  4- 6 || total
-------------------------+-------+-------++-------
Melee: War axe           |   107 |    21 ||   128
Evoke: Wand              |       |     2 ||     2
  Use: Potion            |       |     1 ||     1
  Eat: Chunk             |     2 |       ||     2
Armor: Scale mail        |    33 |       ||    33
       Chain mail        |    24 |    27 ||    51
Dodge: Dodged            |    14 |     3 ||    17
Block: Kite shield       |    50 |     5 ||    55

Table legend:
 A = Non-vault XP
 B = Vault XP
 C = Vault XP percentage of total XP
 D = Non-vault monster count
 E = Vault monster count
 F = Vault count percentage of total count
                 A         B        C        D         E       F
            +---------+---------+-------+---------+---------+-------
      Total |     115 |       0 |   0.0 |      41 |       0 |   0.0
            +---------+---------+-------+---------+---------+-------
        D:1 |      27 |       0 |   0.0 |      12 |       0 |   0.0
        D:2 |      55 |       0 |   0.0 |      19 |       0 |   0.0
        D:3 |      33 |       0 |   0.0 |      10 |       0 |   0.0
            +---------+---------+-------+---------+---------+-------

Levels and vault maps discovered:
D:1:      minmay_arrival_split_and_join, layout_basic
D:2:      layout_loops_ring
D:3:      layout_rooms, lemuel_crystal_altar, marbit_many_paths,
          overflow_temple_1_default, first_ration

Table legend:
 A = Turns spent in this place as a percentage of turns spent in the entire game.
 B = Non-inter-level travel turns spent in this place as a percentage of non-inter-level travel turns spent in the entire game.
 C = Inter-level travel turns spent in this place as a percentage of turns spent in this place.
 D = Turns resting spent in this place as a percentage of non-inter-level travel turns spent in this place.
 E = Turns spent auto-exploring this place as a percentage of non-inter-level travel turns spent in this place.
 F = Non-inter-level travel turns spent in this place divided by the number of levels of this place that you've seen.
                   A       B       C       D       E      F
               +-------+-------+-------+-------+-------+----------------------
         Total | 100.0 | 100.0 |   3.5 |   8.2 |  71.5 | 486.3
       Dungeon | 100.0 | 100.0 |   3.5 |   8.2 |  71.5 | 486.3
               +-------+-------+-------+-------+-------+----------------------

Table legend:
 A = Kills in this place as a percentage of kills in entire the game.
 B = Kills by you in this place as a percentage of kills by you in the entire game.
 C = Kills by friends in this place as a percentage of kills by friends in the entire game.
 D = Other kills in this place as a percentage of other kills in the entire game.
 E = Experience gained in this place as a percentage of experience gained in the entire game.
 F = Experience gained in this place divided by the number of levels of this place that you have seen.
                   A       B       C       D       E      F
               +-------+-------+-------+-------+-------+----------------------
         Total | 100.0 | 100.0 |   N/A |   N/A | 100.0 |  38.3
       Dungeon | 100.0 | 100.0 |   N/A |   N/A | 100.0 |  38.3
               +-------+-------+-------+-------+-------+----------------------
